AoeStats
← Panchito_Monroy

Arabia

505889699Analyzed
1v1 RM · 19d ago on Sep 11, 2026· 48m 11s· 2 players
Game mode
Random Map
Map size
Tiny (2 player)
Population
200
Speed
Normal
Resources
Standard
Victory
Conquest
Starting age
Dark Age
Ending age
Imperial Age
RankedLock teamsTeams togetherTeam positionsShared explorationLock speedFull tech treeHidden civsTurbo modeCheats
Victory
Defeat
🇪🇸 Magyars · Spain
885
+24
🇺🇸 Hindustanis · United States
885
-16
Panchito_Monroy
10:17 Loom
12:03 Feudal Age
18:14 Castle Age
17:45 Horse Collar
19:51 Double-Bit Axe
22:30 Gold Mining
30:50 Bloodlines
34:15 Town Watch
36:42 Forging
45:26 Bow Saw
48:19 Wheelbarrow
47:49 Husbandry
jdiaroj012
5:47 Loom
10:19 Feudal Age
15:36 Double-Bit Axe
16:27 Wheelbarrow
18:02 Bloodlines
21:12 Castle Age
21:11 Scale Barding Armor
22:40 Bow Saw
26:13 Bloodlines
26:26 Chain Barding Armor
25:54 Horse Collar
28:51 Town Watch
29:49 Hand Cart
30:29 Heavy Plow
38:02 Husbandry
38:10 Gold Mining
38:11 Stone Mining
44:45 Imperial Age
42:16 Town Patrol
43:56 Gold Shaft Mining
44:50 Cavalier
45:37 Pikeman
46:51 Paladin
Connection lost

Rejoining the realm…

Still unreachable

The connection could not be restored.

Session expired

The server has moved on; the page needs a fresh start.